 Dungeon Crawl Stone Soup version 0.31.0-11-ge490571c62 (webtiles) character file.

Game seed: 10728549455794719196

2249 cdecastro the Thaumaturge (level 9, -2/45 HPs)
             Began as a Deep Elf Fire Elementalist on Feb 1, 2024.
             Was a Priest of Vehumet.
             Slain by an orc warrior
             ... wielding a +0 short sword
              (12 damage)
             ... on level 7 of the Dungeon on Feb 2, 2024.
             The game lasted 00:12:57 (6273 turns).

cdecastro the Thaumaturge (DEFE)                    Turns: 6273, Time: 00:12:58

Health: -2/45      AC:  3    Str: 11    XL:     9   Next: 15%
Magic:  16/25      EV: 12    Int: 25    God:    Vehumet [***...]
Gold:   442        SH:  0    Dex: 15    Spells: 1/28 levels left

rFire   + . .        (no weapon)
rCold   . . .        (no shield)
rNeg    . . .        a - +0 robe
rPois   .            (no helmet)
rElec   .            A - +0 cloak
rCorr   .            (no gloves)
SInv    .            (no boots)
Will    .....        w - amulet of regeneration
Stlth   ++           u - ring of protection from fire
HPRegen 1.07/turn    h - +6 ring of strength
MPRegen 0.19/turn

%: no passive effects
@: lethally poisoned (-2 -> -8)
A: no striking features
a: Renounce Religion


You were on level 7 of the Dungeon.
You worshipped Vehumet.
Vehumet was most pleased with you.
You visited 1 branch of the dungeon, and saw 7 of its levels.
You also visited: Sewer.

You collected 442 gold pieces.

Inventory:

Armour
 a - a +0 robe (worn)
 s - a +0 ring mail of fire resistance
 A - a +0 cloak (worn)
Jewellery
 h - a +6 ring of strength (right hand)
 t - a ring of flight
 u - a ring of protection from fire (left hand)
 w - an amulet of regeneration (around neck)
Wands
 j - a wand of roots (4)
 l - a wand of digging (4)
 y - a wand of polymorph (12)
 B - a wand of mindburst (13)
 E - a wand of paralysis (6)
Scrolls
 c - 2 scrolls of noise {unknown}
 d - 2 scrolls of blinking {unknown}
 e - 5 scrolls of identify {unknown}
 f - 5 scrolls of teleportation {unknown}
 g - a scroll of fear {unknown}
 k - 4 scrolls of immolation {unknown}
 o - 2 scrolls of butterflies {unknown}
 p - 4 scrolls of poison {unknown}
 C - a scroll of revelation {unknown}
 D - a scroll of vulnerability {unknown}
 F - a scroll of enchant weapon {unknown}
 G - a scroll of fog {unknown}
Potions
 b - 2 potions of magic
 i - a potion of resistance {unknown}
 m - 2 potions of attraction {unknown}
 n - 2 potions of lignification {unknown}
 q - 3 potions of brilliance {unknown}
 r - a potion of heal wounds {unknown}
 v - a potion of mutation {unknown}
 x - 2 potions of cancellation {unknown}
 z - a potion of haste {unknown}


   Skills:
 - Level 2.4 Dodging
 - Level 2.4 Stealth
 - Level 10.0 Spellcasting
 + Level 7.9 Conjurations
 - Level 8.0 Fire Magic


You had one spell level left.
You knew the following spells:

 Your Spells              Type           Power      Damage    Failure   Level
a - Foxfire               Conj/Fire      100%       2x1d9     1%          1
b - Scorch                Fire           100%       2d9       1%          2
c - Inner Flame           Hex/Fire       32%        N/A       1%          3
d - Volatile Blastmotes   Fire/Tloc      64%        2d15      1%          3
e - Flame Wave            Conj/Fire      51%        2d13      1%          4
f - Shock                 Conj/Air       100%       1d9       1%          1
g - Iskenderun's Battles  Conj           51%        2d10      1%          5
h - Mephitic Cloud        Conj/Alch/Air  25%        N/A       1%          3
i - Irradiate             Conj/Alch      16%        3d17      7%          5

Your spell library contained the following spells:

 Spells                   Type           Power      Damage    Failure   Level
 Bombard                  Conj/Erth      16%        9d3       36%         6
 Spellforged Servitor     Conj/Summ      16%        N/A       87%         7
 Ignition                 Fire           25%        3d9       94%         8


Dungeon Overview and Level Annotations

Branches:
Dungeon (7/15)             Temple (0/1) D:7           Sewer (visited)

Altars:
Ashenzari
Fedhas
Hepliaklqana
Makhleb
Sif Muna
Vehumet
Wu Jian
The Shining One

Annotations:
D:3 exclusion: oklob plant


Message History

Vehumet accepts your kill.
You feel your power returning. (Press . to intensify the flame waves.)
The water moccasin bites you.
You are poisoned.
The water moccasin poisons you! The water moccasin bites you.
You are more poisoned.
The water moccasin poisons you!
Unknown command.
Unknown command.
A wave of flame ripples out!
The flame wave engulfs the water moccasin!
You kill the water moccasin!
Vehumet accepts your kill.
You feel your power returning.
The flame wave engulfs the orc warrior but does no damage.
The orc warrior is moderately wounded.
You feel extremely sick.
Unknown command.
Unknown command.
Unknown command.
Unknown command.
A wave of flame ripples out!
The flame wave engulfs the orc warrior.
The orc warrior is moderately wounded.
You finish channelling waves of flame.
You feel very sick.
You hear a shout! x2
The orc warrior hits you with a +0 short sword.
* * * LOW HITPOINT WARNING * * *
Unknown command.
Unknown command.
Casting: Flame Wave (dangerous; 1% risk of failure)
Confirm with . or Enter, or press ? or * to list all spells.
Flames lash the orc warrior.
The orc warrior is heavily wounded.
The orc warrior's fire resistance burns away.
* * * LOW HITPOINT WARNING * * *
You feel very sick.
The orc warrior hits you with a +0 short sword!
You die...

##............
..............# ♣
..............# ♣.
..............# ♣.
..............#♣§♣
..............#§§
...##...##....#§# #
...##...##....#†#)#
...............@)⌠#
......>.......#o#.#
...........##.#§# #
...##...##.##.#§.
##.##...##.##.#..♣
..........##.#♣♣.
...........##.# ♣.
...........##.# ♣
..........##.###


You could see an orc warrior (combustible).

Vanquished Creatures
  A steam dragon (D:6)
  Edmund (D:5)
  A water moccasin (D:7)
  A black bear (D:6)
  2 ogres
  A centaur (D:6)
  A phantom (D:3)
  3 bullfrogs
  A kobold brigand (D:6)
  5 scorpions
  2 wights (D:7)
  2 jellies (Sewer)
  5 hounds
  6 orc priests
  Terence (D:2)
  7 iguanas
  2 orc wizards
  4 adders
  2 river rats (Sewer)
  A white imp (D:6)
  A ribbon worm (Sewer)
  2 dart slugs (D:1)
  20 orcs
  12 bats
  11 endoplasms
  8 giant cockroaches
  A goblin (D:4)
  7 hobgoblins
  8 kobolds
  3 quokkas
  11 ball pythons
  5 frilled lizards
  9 rats
147 creatures vanquished.

Vanquished Creatures (collateral kills)
  3 foxfires (D:6)
3 creatures vanquished.

Vanquished Creatures (others)
  534 foxfires
534 creatures vanquished.

Grand Total: 684 creatures vanquished

Notes
Turn   | Place    | Note
-------+----------+-------------------------------------------
     0 | D:1      | cdecastro the Deep Elf Fire Elementalist began the quest
                  | for the Orb.
     0 | D:1      | Reached XP level 1. HP: 10/10 MP: 6/6
    93 | D:1      | Found a faded altar of an unknown god.
   143 | D:1      | Prayed at the altar of an unknown god.
   143 | D:1      | Became a worshipper of Vehumet
   143 | D:1      | Reached * piety under Vehumet
   143 | D:1      | Offered knowledge of Magic Dart by Vehumet.
   188 | D:1      | Reached XP level 2. HP: 15/15 MP: 6/8
   271 | D:1      | Learned a level 2 spell: Scorch
  1088 | D:1      | Reached XP level 3. HP: 19/19 MP: 6/9
  1424 | D:2      | Reached skill level 5 in Fire Magic
  1492 | D:2      | Noticed Terence
  1497 | D:2      | Killed Terence
  1498 | D:2      | Reached XP level 4. HP: 21/24 MP: 3/10
  1873 | D:2      | Reached ** piety under Vehumet
  2063 | D:2      | Offered knowledge of Shock by Vehumet.
  2179 | D:2      | Learned a level 3 spell: Inner Flame
  2183 | D:2      | Learned a level 3 spell: Volatile Blastmotes
  2215 | D:3      | Noticed a phantom
  2221 | D:3      | Killed a phantom
  2222 | D:3      | Reached XP level 5. HP: 28/28 MP: 3/11
  2292 | D:3      | Learned a level 1 spell: Shock
  2420 | D:3      | Found an ornate altar of the Wu Jian Council.
  2456 | D:3      | Found a glowing golden altar of the Shining One.
  2514 | D:3      | Found a blossoming altar of Fedhas.
  2536 | D:3      | Noticed an oklob plant
  2868 | D:3      | Found a burning altar of Makhleb.
  2868 | D:3      | Noticed a green death
  2872 | D:3      | Noticed a smoke demon
  2872 | D:3      | Noticed a neqoxec
  3433 | D:4      | Reached XP level 6. HP: 32/32 MP: 9/12
  3577 | D:4      | Found a shimmering blue altar of Sif Muna.
  3763 | D:4      | Offered knowledge of Frozen Ramparts by Vehumet.
  3823 | D:4      | Found a broken altar of Ashenzari.
  4027 | D:4      | Reached skill level 4 in Spellcasting
  4321 | D:5      | Entered Level 5 of the Dungeon
  4396 | D:5      | Reached skill level 5 in Spellcasting
  4396 | D:5      | Reached XP level 7. HP: 36/36 MP: 8/17
  4403 | D:5      | Reached skill level 6 in Spellcasting
  4482 | D:5      | Found a glowing drain.
  4512 | Sewer    | Entered a sewer
  4741 | Sewer    | Reached skill level 7 in Spellcasting
  4743 | Sewer    | Reached *** piety under Vehumet
  4849 | Sewer    | Found a viscous altar of Jiyva.
  4975 | D:5      | Identified the +1 robe "Etelogoi" {Will- Int+4 SInv}
  4998 | D:5      | Reached skill level 8 in Spellcasting
  5060 | D:5      | Learned a level 4 spell: Flame Wave
  5066 | D:5      | Learned a level 5 spell: Iskenderun's Battlesphere
  5172 | D:5      | Reached skill level 9 in Spellcasting
  5172 | D:5      | Reached XP level 8. HP: 41/41 MP: 19/23
  5382 | D:6      | Noticed Edmund
  5390 | D:5      | Killed Edmund
  5492 | D:6      | Reached skill level 10 in Spellcasting
  5612 | D:6      | Found a hazy altar of Hepliaklqana.
  5697 | D:6      | Reached skill level 5 in Conjurations
  5842 | D:6      | Offered knowledge of Mephitic Cloud by Vehumet.
  5857 | D:6      | Learned a level 3 spell: Mephitic Cloud
  5863 | D:6      | Learned a level 5 spell: Irradiate
  6208 | D:7      | Reached XP level 9. HP: 45/45 MP: 19/25
  6245 | D:7      | Found a staircase to the Ecumenical Temple.
  6273 | D:7      | Slain by an orc warrior

Illustrated notes

Levels and vault maps discovered:
D:1:      psy_arrival_whirlpool, layout_basic,
          hellmonk_ecumenical_altar_slurped_away
D:2:      layout_basic, uniq_terence
D:3:      layout_basic, makhleb_altar_promises_db, old_standard_altar,
          lemuel_round_altar, tgw_fedhas
D:4:      layout_gridville, nicolae_overflow_crystal_walls, ashenzari_altar_1,
          chequers_serial_rivers_micro_a, roderic_batcave
D:5:      layout_rooms, mainiacjoe_sewer_entry_somewhere_in_here_1
D:6:      layout_rooms, nicolae_hepliaklqana_hazy_memory, uniq_edmund
D:7:      nzn_winding_woodlands_cross [nzn_winding_woodlands_5x15_eye,
          nzn_winding_woodlands_5x15_cabin, nzn_winding_woodlands_5x15_jagged,
          nzn_winding_woodlands_5x15_concentric,
          nzn_winding_woodlands_15x15_eel_pit], layout_basic, zin_purify,
          minmay_temple_entry_stoned_glass

Skill      XL: |  1  2  3  4  5  6  7  8 |
---------------+-------------------------+-----
Fire Magic     | 4 5 6 7 8 |  8.0
Spellcasting   | 5 9 10 | 10.0
Conjurations   | 7 |  7.9
Dodging        | |  2.4
Stealth        | |  2.4

Action                     |  1- 3 |  4- 6 |  7- 9 || total
---------------------------+-------+-------+-------++-------
   Cast: Foxfire           |    48 |    85 |   175 ||   308
         Scorch            |    17 |    24 |    13 ||    54
         Flame Wave        |       |       |     4 ||     4
         Shock             |       |       |     1 ||     1
 Armour: Robe              |     2 |    13 |    17 ||    32
  Dodge: Dodged            |     6 |     3 |    12 ||    21
